 Dungeon Crawl Stone Soup version 0.26-a0-1033-gd598b01645 (webtiles) character file.

Game seed: 7748936834853516556

13680 Rilvandir the Geomancer (level 12, -8/68 HPs)
             Began as a Gargoyle Earth Elementalist on Dec 10, 2020.
             Was a Priest of Vehumet.
             Mangled by a white ugly thing (26 damage)
             ... on level 9 of the Dungeon.
             The game lasted 00:29:04 (12835 turns).

Rilvandir the Geomancer (GrEE)                     Turns: 12835, Time: 00:29:05

Health: -8/68      AC: 22    Str: 17    XL:     12   Next: 8%
Magic:  3/24       EV: 17    Int: 20    God:    Vehumet [***...]
Gold:   232        SH:  0    Dex: 10    Spells: 18/27 levels left

rFire    + . .     SeeInvis .   p - +6 great mace "Trog's Vengeance" {vamp, rElec Str+4}
rCold    . . .     Faith    .   (shield currently unavailable)
rNeg     + . .     Spirit   .   L - +1 robe {Will+}
rPois    ∞         Reflect  .   j - +2 hat
rElec    +         Harm     .   C - +2 cloak
rCorr    .         Rampage  .   a - +1 pair of gloves
Will     +....                  v - +1 pair of boots
Stlth    ++........             (no amulet)
HPRegen  0.21/turn              y - +4 ring of evasion
MPRegen  0.19/turn              k - ring of protection from fire (curse)

@: hasted, very quick
A: negative energy resistance 1, electricity resistance, unbreathing,
petrification resistance, rot immunity, AC +8
a: Renounce Religion


You were on level 9 of the Dungeon.
You worshipped Vehumet.
Vehumet was most pleased with you.
You visited 2 branches of the dungeon, and saw 12 of its levels.

You collected 576 gold pieces.
You spent 344 gold pieces at shops.

Inventory:

Hand Weapons
 p - the +6 great mace "Trog's Vengeance" (weapon) {vamp, rElec Str+4}
   (You acquired it on level 8 of the Dungeon)

   It inflicts no extra harm, but heals its wielder when it wounds a living foe.
   It affects your strength (+4).
   It insulates you from electricity.
 B - a +0 morningstar
 I - a +3 flail
Missiles
 b - 187 stones (quivered)
 D - a throwing net
Armour
 a - a +1 pair of gloves (worn)
 j - a +2 hat (worn)
 n - a scarf of repulsion
 v - a +1 pair of boots (worn)
 C - a +2 cloak (worn)
 L - a +1 robe of willpower (worn)
Jewellery
 e - an uncursed ring of protection from cold
 i - a +6 ring of strength
 k - a cursed ring of protection from fire (right hand)
 m - an uncursed ring of protection from fire
 y - a +4 ring of evasion (left hand)
Wands
 o - a wand of digging (4)
 w - a wand of enslavement (6)
 x - a wand of flame (25)
 A - a wand of acid (8)
 E - a wand of polymorph (17)
 F - a wand of iceblast (7)
 H - a wand of paralysis (7)
Scrolls
 c - 2 scrolls of enchant weapon
 f - 6 scrolls of remove curse
 h - 7 scrolls of teleportation
 s - 9 scrolls of identify
 z - 4 scrolls of magic mapping
 J - a scroll of amnesia
 M - 2 scrolls of fog
 N - a scroll of enchant armour
Potions
 d - a potion of flight
 g - a potion of cancellation
 l - 2 potions of heal wounds
 q - a potion of brilliance
 r - 5 potions of curing
 t - a potion of ambrosia
 u - a potion of resistance
 G - 2 potions of might
Miscellaneous
 K - a tin of tremorstones (1/2)


   Skills:
 + Level 5.5 Fighting
 + Level 5.1 Maces & Flails
 + Level 5.6 Armour
 + Level 4.6 Dodging
 - Level 2.1 Stealth
 + Level 8.4 Spellcasting
 + Level 9.6 Conjurations
 - Level 0.7 Transmutations
 + Level 11.0 Earth Magic
 + Level 4.4 Evocations


You had 18 spell levels left.
You knew the following spells:

 Your Spells              Type           Power        Failure   Level
a - Sandblast             Erth           ######       1%          1
b - Stone Arrow           Conj/Erth      #####.       1%          3
c - Lee's Rapid Deconstr  Erth           ######....   1%          5

Your spell library contained the following spells:

 Spells                   Type           Power        Failure   Level
 Mephitic Cloud           Conj/Pois/Air  ###.....     1%          3
 Magic Dart               Conj           ####         1%          1
 Passwall                 Tmut/Erth      ####....     1%          2
 Searing Ray              Conj           #####.       1%          2
 Dazzling Flash           Conj/Hex       ####..       1%          3
 Fulminant Prism          Conj/Hex       ####......   3%          4
 Iskenderun's Mystic Bla  Conj/Tloc      ####....     3%          4
 Petrify                  Tmut/Erth      ####....     7%          4
 Animate Skeleton         Necr           #.....       9%          1
 Pain                     Necr           #...         9%          1
 Vampiric Draining        Necr           #.........   24%         3
 Animate Dead             Necr           #.........   63%         4
 Agony                    Necr           #.......     92%         5


Dungeon Overview and Level Annotations

Branches:
Dungeon (11/15)            Temple (1/1) D:6            Lair (0/6) D:8
    Orc (0/2) D:9

Altars:
Ashenzari
Cheibriados
Dithmenos
Elyvilon
Fedhas
Gozag
Hepliaklqana
Kikubaaqudgha
Makhleb
Nemelex Xobeh
Okawaru
Sif Muna
Trog
Uskayaw
Vehumet
Wu Jian
Xom
Yredelemnul
Zin
The Shining One
Beogh
Lugonu

Shops:
D:4 =   D:7 =   D:10 ?

Annotations:
D:3 3 runed translucent doors, Ijustatesigmund's ghost, amateur HOFi; Zarkath's ghost, weakling DsDe
D:9 1 transporter
D:10 2 runed translucent doors, lis82's ghost, novice DgAE


Innate Abilities, Weirdness & Mutations

You are resistant to torment.
Your stone body is resilient. (AC +8)
You are immune to poison.
You resist negative energy. (rN+)
You are resistant to electric shocks. (rElec)
You can survive without breathing.
You are immune to petrification.
You are immune to rotting.


Message History

Unknown command.
Unknown command.
Unknown command.
You barely miss the small abomination.
The small abomination is lightly damaged.
The small abomination hits you but does no damage.
The cyan ugly thing claws you but does no damage.
The white ugly thing pecks you but does no damage.
The white ugly thing engulfs you but does no damage.
You hit the small abomination.
The small abomination is lightly damaged.
The small abomination hits you but does no damage.
The cyan ugly thing claws you but does no damage.
You completely miss the small abomination.
The small abomination is lightly damaged.
The white ugly thing pecks you! The white ugly thing freezes you!!
The white ugly thing engulfs you.
* * * LOW HITPOINT WARNING * * *
The white ugly thing freezes you!!
You die...

#.......### ########
#.#####..|# #.......
######.# #.#.###
#.######
#......#####.....####.#
#.####.##..##...##..###
#)# #.#.).##...##.).#
#.# #.#.#.§##©##(..(#
#.# ### #.uu###...###
#.# ##@xx§§§.## #.#
##u§xx.## #.# #§§§..#
#.# ##.§§..## #.#
##.......## #.##
###...###...# #######
#..#
#...[##©##..#.#..#...
##.#
#©.###...##...#..#.##
#>#
#.=##...##x.##..#.##


You could see 3 ugly things and 2 small abominations.

Vanquished Creatures
  Gastronok (D:8)
  Harold (D:8)
  Erica (D:8)
  Nergalle (D:11)
  An unseen horror (D:10)
  4 ugly things
  A cyclops (D:9)
  Maurice (D:8)
  A centaur skeleton (D:10)
  A polar bear (D:9)
  5 yaks
  4 small abominations (D:9)
  Grum (D:8)
  2 water moccasins
  5 orc warriors
  An eye of draining (D:8)
  4 sky beasts
  6 ice beasts
  2 phantoms
  5 ogres
  A necrophage (D:6)
  5 centaurs
  2 wolves (D:8)
  A big kobold (D:10)
  7 bullfrogs
  3 scorpions
  A water moccasin skeleton (D:9)
  3 killer bees (D:9)
  3 wights (D:9)
  An electric eel (D:9)
  A howler monkey (D:8)
  A bullfrog zombie (D:9)
  2 centaur zombies
  2 quasits
  6 hounds
  2 jellies
  12 orc priests
  10 orc wizards
  Jessica (D:2)
  6 iguanas
  Natasha (thrice) (D:3)
  Terence (D:2)
  9 worker ants
  2 bullfrog simulacra (D:9)
  A centaur simulacrum (D:9)
  A hound zombie (D:7)
  A killer bee simulacrum (D:9)
  5 gnolls
  5 adders
  A shadow imp (D:10)
  6 white imps
  3 ufetubi
  2 adder skeletons
  A worm (D:4)
  2 dart slugs
  6 leopard geckos
  53 orcs
  5 bats
  21 giant cockroaches
  7 goblins
  A hobgoblin (D:3)
  12 jackals
  12 kobolds
  6 quokkas
  2 ball pythons
  4 frilled lizards
  A jackal skeleton (D:4)
  A leopard gecko skeleton (D:6)
  2 leopard gecko zombies
  A quokka skeleton (D:9)
  6 rats
301 creatures vanquished.

Notes
Turn   | Place    | Note
-------+----------+-------------------------------------------
     0 | D:1      | Rilvandir the Gargoyle Earth Elementalist began the quest
                  | for the Orb.
     0 | D:1      | Reached XP level 1. HP: 10/10 MP: 3/3
   137 | D:1      | Reached XP level 2. HP: 15/15 MP: 5/5
   151 | D:1      | Reached skill level 4 in Earth Magic
   477 | D:1      | Reached XP level 3. HP: 19/19 MP: 1/6
   939 | D:2      | Found a faded altar of an unknown god.
  1130 | D:2      | Noticed Terence
  1164 | D:2      | Killed Terence
  1165 | D:2      | Reached XP level 4. HP: 17/24 MP: 0/8
  1291 | D:2      | Reached skill level 5 in Earth Magic
  1992 | D:2      | Noticed Jessica
  1996 | D:2      | Killed Jessica
  1997 | D:2      | Reached XP level 5. HP: 28/28 MP: 8/10
  2058 | D:2      | Learned a level 3 spell: Stone Arrow
  2064 | D:2      | Learned a level 5 spell: Lee's Rapid Deconstruction
  2492 | D:3      | Reached skill level 1 in Conjurations
  2728 | D:3      | Found a runed translucent gate.
  2728 | D:3      | Found a runed translucent gate.
  2728 | D:3      | Noticed Zarkath's ghost (weakling DsDe)
  2729 | D:3      | Found a runed translucent gate.
  2729 | D:3      | Noticed Ijustatesigmund's ghost (amateur HOFi)
  2865 | D:3      | Found a sparkling altar of Nemelex Xobeh.
  3049 | D:3      | Noticed Natasha
  3053 | D:3      | Killed Natasha
  3054 | D:3      | Reached XP level 6. HP: 32/32 MP: 7/11
  3259 | D:3      | Reached skill level 6 in Earth Magic
  3460 | D:3      | Noticed Natasha
  3466 | D:3      | Killed Natasha
  3490 | D:3      | Noticed Natasha
  3498 | D:3      | Killed Natasha
  3709 | D:4      | Reached XP level 7. HP: 36/36 MP: 9/13
  4333 | D:4      | Found Daelaoll's Jewellery Shop.
  4465 | D:4      | Reached skill level 5 in Conjurations
  4760 | D:4      | Reached skill level 5 in Spellcasting
  4760 | D:4      | Reached skill level 7 in Earth Magic
  4760 | D:4      | Reached XP level 8. HP: 31/41 MP: 13/15
  5045 | D:5      | Entered Level 5 of the Dungeon
  5192 | D:5      | Found a snail-covered altar of Cheibriados.
  5605 | D:5      | Reached skill level 8 in Earth Magic
  6369 | D:6      | Reached XP level 9. HP: 45/45 MP: 16/18
  6953 | D:6      | Reached skill level 9 in Earth Magic
  7252 | D:6      | Found a staircase to the Ecumenical Temple.
  7271 | Temple   | Entered the Ecumenical Temple
  7342 | Temple   | Became a worshipper of Vehumet
  7865 | D:7      | Found Uka Bust's Jewellery Emporium.
  7922 | D:7      | Reached skill level 1 in Armour
  8152 | D:8      | Found a burning altar of Makhleb.
  8161 | D:8      | Reached skill level 1 in Fighting
  8173 | D:8      | Reached skill level 1 in Maces & Flails
  8173 | D:8      | Reached skill level 1 in Evocations
  8187 | D:8      | Identified a scroll of acquirement
  8187 | D:8      | Acquired the +6 great mace "Trog's Vengeance" {vamp, rElec
                  | Str+4}
  8329 | D:8      | Reached * piety under Vehumet
  8329 | D:8      | Offered knowledge of Shock by Vehumet.
  8399 | D:8      | Noticed Grum
  8432 | D:8      | Killed Grum
  8433 | D:8      | Reached XP level 10. HP: 18/53 MP: 2/20
  8657 | D:8      | Noticed Harold
  8684 | D:8      | Killed Harold
  8912 | D:8      | Noticed Maurice
  8920 | D:8      | Killed Maurice
  9060 | D:8      | Noticed Gastronok
  9082 | D:8      | Killed Gastronok
  9083 | D:8      | Reached skill level 10 in Earth Magic
  9549 | D:8      | Found a staircase to the Lair.
  9626 | D:8      | Noticed Erica
  9639 | D:8      | Killed Erica
  9640 | D:8      | Reached XP level 11. HP: 52/61 MP: 22/22
  9992 | D:9      | Noticed a cyclops
 10017 | D:9      | Killed a cyclops
 10045 | D:9      | Offered knowledge of Searing Ray by Vehumet.
 10071 | D:9      | Reached ** piety under Vehumet
 10271 | D:9      | Found a roughly hewn altar of Beogh.
 10271 | D:9      | Found a staircase to the Orcish Mines.
 10630 | D:9      | Found a transporter.
 10638 | D:9      | Noticed a purple ugly thing
 10638 | D:9      | Noticed a cyan ugly thing
 10639 | D:9      | Found a transporter.
 10639 | D:9      | Noticed a purple ugly thing
 10640 | D:9      | Found a corrupted altar of Lugonu.
 10641 | D:9      | Noticed a white ugly thing
 10663 | D:9      | Offered knowledge of Ignite Poison by Vehumet.
 11071 | D:10     | Entered Level 10 of the Dungeon
 11071 | D:10     | Found Uwkine's Magic Scroll Emporium.
 11075 | D:10     | Bought a scroll of amnesia for 56 gold pieces
 11075 | D:10     | Bought a scroll of magic mapping for 56 gold pieces
 11075 | D:10     | Bought a scroll of identify for 32 gold pieces
 11075 | D:10     | Bought a scroll of identify for 32 gold pieces
 11075 | D:10     | Bought a scroll of identify for 32 gold pieces
 11075 | D:10     | Bought a scroll of magic mapping for 56 gold pieces
 11075 | D:10     | Bought a scroll of identify for 32 gold pieces
 11075 | D:10     | Bought a scroll of teleportation for 48 gold pieces
 11253 | D:10     | Noticed a skeletal warrior
 11254 | D:10     | Noticed lis82's ghost (novice DgAE)
 11254 | D:10     | Noticed a lich
 11254 | D:10     | Noticed a cyclops
 11254 | D:10     | Noticed a necromancer
 11255 | D:10     | Noticed a skeletal warrior
 11255 | D:10     | Noticed a stone giant
 11255 | D:10     | Noticed an ettin
 11367 | D:10     | Reached *** piety under Vehumet
 11441 | D:10     | Found a runed translucent door.
 11456 | D:10     | Found a runed translucent door.
 11718 | D:10     | Killed an unseen horror
 11854 | D:11     | Noticed a white ugly thing
 11866 | D:11     | Killed a white ugly thing
 11867 | D:11     | Reached skill level 5 in Fighting
 11867 | D:11     | Reached skill level 5 in Armour
 12020 | D:11     | Noticed a green ugly thing
 12037 | D:11     | Killed a green ugly thing
 12129 | D:11     | Offered knowledge of Mephitic Cloud by Vehumet.
 12226 | D:11     | Noticed Nergalle
 12233 | D:11     | Noticed a spectral orc warlord
 12237 | D:11     | Killed Nergalle
 12581 | D:11     | Noticed a white ugly thing
 12588 | D:11     | Killed a white ugly thing
 12589 | D:11     | Reached skill level 11 in Earth Magic
 12589 | D:11     | Reached XP level 12. HP: 68/68 MP: 19/24
 12829 | D:9      | Reached skill level 5 in Maces & Flails
 12835 | D:9      | Mangled by a white ugly thing

Illustrated notes

Levels and vault maps discovered:
D:1:      dpeg_arrival_yet_another_circle, layout_basic, minmay_misc_feat_tiny,
          nrook_mini_backslash
D:2:      layout_loops_corners, chequers_ecumenical_altar_island, uniq_jessica,
          uniq_terence
D:3:      minmay_roachtagon, layout_basic, gammafunk_ghost_cemetery,
          serial_aquarium, aquarium_bridge_square [aquarium_subvault_bridge,
          aquarium_subvault_wall, aquarium_subvault_wall,
          aquarium_subvault_window], aquarium_window_fake, aquarium_window_fake,
          aquarium_view_2d, aquarium_view_2b, aquarium_pool_five,
          chequers_serial_rivers_room_a, nemelex_altar_shiori, uniq_natasha
D:4:      layout_basic, serial_shops, shop, minmay_crystal_room
D:5:      layout_rooms, lemuel_coloured_pillars_altar, serial_corexii_hall,
          chequers_hall_statues_corner_a, chequers_hall_statues_corner_a
D:6:      layout_basic, temple_green
D:7:      layout_rooms, serial_shops, nicolae_shop_statue_plus
D:8:      layout_gridville, lair_entry_dummy, basic_altar,
          grunt_decor_resistance, uniq_erica, uniq_grum, uniq_maurice,
          uniq_gastronok, uniq_harold
D:9:      gammafunk_corrupted_shrine, layout_loops_ring, david_orc_5,
          serial_ice, serial_ice_n, serial_ice_c, serial_ice_b, serial_ice_l,
          serial_ice_d, serial_ice_h
D:10:     layout_irregular_city, muffindrake_ghost_dual_entry, serial_shops,
          shop, dk_noncrumbling_4
D:11:     layout_cross, uniq_nergalle
Temple:   compressed_dpeg_circular_temple

Skill      XL: |  1  2  3  4  5  6  7  8  9 10 11 12 |
---------------+-------------------------------------+-----
Earth Magic    | 4 5 6 7 8 9 10 11 | 11.0
Spellcasting   | 3 4 5 6 7 8 |  8.4
Conjurations   | 2 3 5 6 8 9 |  9.6
Armour         | 2 4 5 |  5.6
Fighting       | 2 4 5 |  5.5
Dodging        | 2 3 4 |  4.6
Maces & Flails | 1 3 4 5 |  5.1
Evocations     | 1 3 4 |  4.4
Stealth        | |  2.1
Transmutations | |  0.7

Action                   |  1- 3 |  4- 6 |  7- 9 | 10-12 || total
-------------------------+-------+-------+-------+-------++-------
Melee: Dagger            |    93 |     5 |   289 |       ||   387
       Mace              |       |   138 |       |       ||   138
       Great mace        |       |       |    25 |   348 ||   373
 Cast: Sandblast         |    18 |    32 |    83 |    37 ||   170
       Lee's Rapid Decon |       |       |     9 |    15 ||    24
       Stone Arrow       |       |       |       |     2 ||     2
Evoke: Wand              |       |     1 |       |     7 ||     8
       Tin of tremorston |       |       |       |     1 ||     1
  Use: Potion            |     3 |       |     1 |     3 ||     7
       Scroll            |       |     6 |     9 |    10 ||    25
 Stab: Sleeping          |     4 |     4 |     3 |     3 ||    14
       Distracted        |       |       |       |     1 ||     1
Armor: Robe              |    51 |    70 |   113 |   230 ||   464
Dodge: Dodged            |    78 |   119 |   259 |   434 ||   890

Table legend: (Time is in decaauts)
 A = Elapsed time spent in this place.
 B = Non-inter-level travel time spent in this place.
 C = Inter-level travel time spent in this place.
 D = Time resting spent in this place.
 E = Time spent auto-exploring this place.
 F = Levels seen in this place.
 G = Mean time per level.
                   A        B        C        D        E       F      G
               +--------+--------+--------+--------+--------+-----+--------+
         Total |  13098 |  12661 |    437 |   1877 |   8118 |  12 | 1091.5 |
       Dungeon |  12986 |  12589 |    397 |   1877 |   8051 |  11 | 1180.5 |
        Temple |    111 |     71 |     40 |      0 |     67 |   1 |  111.0 |
               +--------+--------+--------+--------+--------+-----+--------+

Top non-repeatable levels by time:
     D:8: 1741 daAuts
     D:3: 1666 daAuts
     D:9: 1430 daAuts
     D:4: 1338 daAuts
     D:5: 1289 daAuts
     D:2: 1213 daAuts
     D:6: 1015 daAuts
    D:11: 911 daAuts
     D:1: 882 daAuts
    D:10: 832 daAuts
     D:7: 665 daAuts
  Temple: 111 daAuts
